 Dungeon Crawl Stone Soup version 0.28.0-43-g3370ac3207 (webtiles) character file.

Game seed: 8917737511894247920

3 zeratav the Sneak (level 1, -2/9 HPs)
             Began as a Spriggan Enchanter on Mar 31, 2022.
             Frozen to death by an endoplasm (5 damage)
             ... on level 1 of the Dungeon.
             The game lasted 00:01:53 (141 turns).

zeratav the Sneak (Spriggan Enchanter)               Turns: 141, Time: 00:01:53

Health: -2/9       AC:  2    Str:  4    XL:     1   Next: 41%
Magic:  5/5        EV: 17    Int: 16    God:
Gold:   18         SH:  0    Dex: 15    Spells: 5/5 levels left

rFire   . . .      SeeInvis +   a - +1 dagger
rCold   . . .      Faith    .   (no shield)
rNeg    . . .      Spirit   .   b - +0 robe
rPois   .          Reflect  .   (helmet restricted)
rElec   .          Harm     .   (no cloak)
rCorr   .          Rampage  .   (gloves unavailable)
Will    .....                   (boots unavailable)
Stlth   +++.......              (no amulet)
HPRegen 0.03/turn               (no ring)
MPRegen 0.09/turn               (no ring)

@: invisible (expiring), very quick
A: very small, no large weapons, unfitting armour, see invisible, speed 3
a: no special abilities


You were on level 1 of the Dungeon.
You visited 1 branch of the dungeon, and saw 1 of its levels.

You collected 18 gold pieces.

Inventory:

Hand Weapons
 a - a +1 dagger (weapon)
Armour
 b - a +0 robe (worn)
Jewellery
 d - a ring of see invisible


   Skills:
 + Level 1.1 Short Blades
 + Level 2.7 Dodging
 + Level 4.5 Stealth
 + Level 2.9 Spellcasting
 + Level 3.7 Hexes


You had 5 spell levels left.
You didn't know any spells.
Your spell library contained the following spells:

 Spells                   Type           Power      Damage    Failure   Level
 Confusing Touch          Hex            14%        N/A       12%         3
 Tukima's Dance           Hex            14%        N/A       12%         3
 Ensorcelled Hibernation  Hex/Ice        16%        N/A       14%         2
 Dazzling Flash           Conj/Hex       16%        N/A       26%         3


Dungeon Overview and Level Annotations

Branches:
Dungeon (1/15)

Altars:


Innate Abilities, Weirdness & Mutations

You are very small and have problems with some larger weapons.
You are too small for most types of armour.
You have supernaturally acute eyesight. (SInv)
You cover ground extremely quickly. (Speed+++)


Message History

The jackal misses you. The jackal barely misses you.
You completely miss the jackal.
The jackal is moderately wounded.
The jackal bites you but does no damage.
The jackal closely misses you.
You closely miss the jackal.
The jackal is moderately wounded.
The frilled lizard bites you. The jackal barely misses you.
You catch the helpless frilled lizard completely off-guard!
You puncture the frilled lizard!
You kill the frilled lizard!
The jackal misses you.
You hit the jackal but do no damage.
The jackal is moderately wounded.
The jackal completely misses you. The jackal closely misses you.
You hit the jackal.
The jackal is severely wounded.
The jackal misses you.
You hit the jackal but do no damage.
The jackal is severely wounded.
The jackal barely misses you.
You hit the jackal.
You kill the jackal!
The endoplasm freezes you.
You are frozen.
You see here a jackal corpse.
You hit the endoplasm.
The endoplasm is lightly wounded.
The endoplasm freezes you.
You are frozen.
You hit the endoplasm.
The endoplasm is severely wounded.
You flicker for a moment.
The endoplasm completely misses you.
You hit the endoplasm.
The endoplasm is almost dead.
The endoplasm freezes you.
You are frozen.
Ouch! That really hurt!
You die...

#..# #.# #.8.# #.## #.#
#...# ###r.####.# #####
..........# .##..######
.##..#### ........#
........# #############
$##..#..# #..rhJ@.†...##
h##.$#..###.#####......##
.##......................
.# #........#####.####...
.#####.#.#### #.# ..
.h.....#.# #.# .
########.# #.# #.# #.#
#.###### #.#


You could see an endoplasm, a quokka and a jackal.

Vanquished Creatures
  2 jackals (D:1)
  A frilled lizard (D:1)
3 creatures vanquished.

Notes
Turn   | Place    | Note
-------+----------+-------------------------------------------
     0 | D:1      | zeratav the Spriggan Enchanter began the quest for the Orb.
     0 | D:1      | Reached XP level 1. HP: 9/9 MP: 5/5
   141 | D:1      | Frozen to death by an endoplasm

Illustrated notes

Levels and vault maps discovered:
D:1:      minmay_arrival_stair_chambers, layout_loops_ring,
          chequers_ecumenical_altar_simple_redux

Action                   || total
-------------------------++-------
Melee: Dagger            ||    13
  Use: Potion            ||     1
 Stab: Invisible         ||     1
       Sleeping          ||     1
Armor: Robe              ||     2
Dodge: Dodged            ||    13
